 Dungeon Crawl Stone Soup version 0.30-a0-358-g0d69a1922f (webtiles) character file.

Game seed: 10332044730619920282

28 MachoJfn the Grave Robber (level 2, -2/20 HPs)
             Began as a Mummy Necromancer on Nov 10, 2022.
             Was a Follower of Trog (penitent).
             Slain by a gnoll
             ... wielding a +0 club
              (3 damage)
             ... on level 2 of the Dungeon.
             The game lasted 00:14:04 (997 turns).

MachoJfn the Grave Robber (Mummy Necromancer)        Turns: 997, Time: 00:14:04

Health: -2/20      AC:  4    Str: 11    XL:     2   Next: 96%
Magic:  5/5        EV: 12    Int: 14    God:    Trog [*.....]
Gold:   41         SH:  0    Dex: 12    Spells: 5/6 levels left

rFire   x . .      SeeInvis .    d - +1 dagger (venom)
rCold   + . .      Faith    +    (no shield)
rNeg    + + +      Spirit   .    b - +2 robe {rN+}
rPois   ∞          Reflect  .    (no helmet)
rElec   .          Harm     .    (no cloak)
rCorr   +          Rampage  .    (no gloves)
Will    .....                    (no boots)
Stlth   ++........               (no amulet)
HPRegen 0.23/turn                c - ring of resist corrosion
MPRegen 0.09/turn                (no ring)

@: no status effects
A: cold resistance 1, negative energy resistance 3, torment resistance 2, heat
vulnerability 1, no potions, faith
a: Renounce Religion


You were on level 2 of the Dungeon.
You worshipped Trog.
Trog was demanding penance.
You visited 1 branch of the dungeon, and saw 2 of its levels.

You collected 41 gold pieces.

Inventory:

Hand Weapons
 d - a +1 dagger of venom (weapon)
Missiles
 a - 6 javelins
Armour
 b - a +2 robe of positive energy (worn)
Jewellery
 c - a ring of resist corrosion (left hand)
Scrolls
 f - a scroll of vulnerability {unknown}
 g - a scroll of poison
Potions
 e - a potion of might (quivered) {unknown}


   Skills:
 + Level 0.3 Fighting
 + Level 0.2 Short Blades
 + Level 1.8 Dodging
 + Level 1.7 Stealth
 - Level 2.7 Spellcasting
 - Level 4.5 Necromancy


You had 5 spell levels left.
You knew the following spells:

 Your Spells              Type           Power      Damage    Failure   Level
a - Necrotise             Necr           56%        1d6       3%          1

Your spell library contained the following spells:

 Spells                   Type           Power      Damage    Failure   Level
 Vampiric Draining        Necr           14%        2d7       10%         3
 Blink                    Tloc           2%         N/A       32%         2
 Animate Dead             Necr           14%        N/A       32%         4
 Agony                    Necr           14%        N/A       67%         5
 Manifold Assault         Tloc           1%         N/A       91%         4
 Storm Form               Tmut/Air       Unusable   N/A       N/A         7

Dungeon Overview and Level Annotations

Branches:
Dungeon (2/15)

Altars:
Trog

Shops:
D:1 *


Innate Abilities, Weirdness & Mutations

You are immune to poison.
Your flesh is cold resistant. (rC+)
You are immune to negative energy. (rN+++)
You are immune to unholy pain and torment.
You are vulnerable to heat. (rF-)
You do not drink.
You have a special connection with the divine. (Faith)


Message History

The gnoll is lightly wounded.
A gnoll comes into view. It is wielding a +0 club.
The gnoll hits you but does no damage. The gnoll misses you.
The gnoll barely misses you.
The gnoll shouts!
You hit the gnoll.
The gnoll looks as sick as possible!
The gnoll is moderately wounded.
The gnoll hits you with a +0 club.
The gnoll splashes around in the water.
The gnoll misses you.
You barely miss the gnoll.
The gnoll is severely wounded.
The gnoll closely misses you. The gnoll hits you with a +0 whip.
An adder comes into view.
The gnoll hits you but does no damage.
You closely miss the gnoll.
You kill the gnoll!
Trog accepts your kill.
You hear a splash.
The gnoll hits you with a +0 club. The gnoll barely misses you.
The adder hisses angrily.
You hit the gnoll but do no damage.
The gnoll is poisoned.
The gnoll hits you with a +0 club. The gnoll barely misses you.
You barely miss the gnoll. The gnoll completely misses you.
The gnoll barely misses you.
You hit the gnoll but do no damage.
The gnoll is poisoned.
You punch the gnoll.
The gnoll is lightly wounded.
An adder comes into view.
The gnoll closely misses you. The gnoll hits you with a +0 club.
* * * LOW HITPOINT WARNING * * *
You enter the shallow water.
Moving in this stuff is going to be slow.
The gnoll attacks as you move away! The gnoll hits you but does no damage.
You closely miss the gnoll.
The gnoll is heavily wounded.
The gnoll hits you with a +0 club.
* * * LOW HITPOINT WARNING * * *
You hit the gnoll but do no damage.
The gnoll looks as sick as possible!
The gnoll is severely wounded.
The adder barely misses you. The gnoll hits you with a +0 club.
You die...

#.# ####~..
##~~ ~~8~~.#
##..~###~~#..#
#.~#~~..~##~.#
..~..~..#.~.#
+~.~..~~..#
+~.~.g)...#
#.+~.~gS#.~.#
#.~~.~@g#~..#
..~~#~~.~##.<#
... #~~#~~#.##
## .~.~#~8#~.
#.##.#~##...
#. #~~~~.~.. #
........#. ..
..$.). .>.


You could see 3 gnolls and an adder.

Vanquished Creatures
  A gnoll (D:2)
  3 endoplasms
  2 hobgoblins (D:1)
  3 jackals (D:1)
  A quokka (D:1)
  2 frilled lizards (D:1)
  2 goblins (D:1)
  3 rats (D:1)
  A spectral kobold (D:2)
18 creatures vanquished.

Notes
Turn   | Place    | Note
-------+----------+-------------------------------------------
     0 | D:1      | MachoJfn the Mummy Necromancer began the quest for the Orb.
     0 | D:1      | Reached XP level 1. HP: 13/13 MP: 4/4
   523 | D:1      | Found Huzxicwi's General Store.
   550 | D:1      | Reached XP level 2. HP: 18/19 MP: 5/5
   951 | D:2      | Found a faded altar of an unknown god.
   984 | D:2      | Prayed at the altar of an unknown god.
   984 | D:2      | Became a worshipper of Trog the Wrathful
   984 | D:2      | Reached * piety under Trog
   985 | D:2      | Was placed under penance by Trog
   996 | D:2      | HP: 1/20 [gnoll/+0 club (3)]
   997 | D:2      | Slain by a gnoll

Illustrated notes

Levels and vault maps discovered:
D:1:      saegor_arrival_simple_e, layout_loops_cross, serial_shops, shop
D:2:      minmay_inner_zag, layout_basic,
          dreamdust_ecumenical_altar_drowned_temple, serial_shops, shop,
          corexii_hall_statues_x, minmay_pentomino_q2

Action                   || total
-------------------------++-------
Melee: Dagger            ||    54
       Unarmed           ||     4
       Punch             ||     3
 Cast: Necrotise         ||    12
  Use: Scroll            ||     2
 Stab: Sleeping          ||     2
Armor: Robe              ||    23
Dodge: Dodged            ||    50

Table legend: (Time is in decaauts)
 A = Elapsed time spent in this place.
 B = Non-inter-level travel time spent in this place.
 C = Inter-level travel time spent in this place.
 D = Time resting spent in this place.
 E = Time spent auto-exploring this place.
 F = Levels seen in this place.
 G = Mean time per level.
                   A        B        C        D        E       F      G
               +--------+--------+--------+--------+--------+-----+--------+
         Total |    997 |    204 |    793 |      0 |      0 |   2 |  498.5 |
       Dungeon |    997 |    204 |    793 |      0 |      0 |   2 |  498.5 |
               +--------+--------+--------+--------+--------+-----+--------+

Top non-repeatable levels by time:
     D:1: 950 daAuts
     D:2: 47 daAuts
